 Dungeon Crawl Stone Soup version bcrawl-1.13.1 (webtiles) character file.

Game seed: 13386569841393413641

21 Flugkiller the Magician (level 2, -1/16 HPs)
             Began as a Skeleton Wizard on Aug 5, 2019.
             Was an Initiate of Cheibriados.
             Slain by a sky beast (5 damage)
             ... on level 2 of the Dungeon.
             The game lasted 00:02:28 (1990 turns).

Flugkiller the Magician (Skeleton Wizard)           Turns: 1990, Time: 00:02:28

Health: -1/16      AC:  5    Str: 13 (14) XL:     2   Next: 62%
Magic:  0/8        EV: 12    Int: 17      God:    Cheibriados [......]
Gold:   115        SH:  0    Dex:  7 (8)  Spells: 8/11 levels left

rFire    + . .     SeeInvis .   a - +0 staff
rCold    + . .     Gourm    .   (no shield)
rNeg     + + +     Faith    .   k - +1 robe {rF+}
rPois    ∞         Spirit   +   c - +0 hat
rElec    .         Reflect  .   (no cloak)
rCorr    .         Harm     .   g - +1 pair of gloves
MR       .....                  (no boots)
Stlth    ++........             (no amulet)
HPRegen  0.05/turn              (no ring)
MPRegen  0.11/turn              (no ring)

@: very slow
A: no food or potions, cold resistance 1, deterioration 1, negative energy
resistance 3, torment resistance, unbreathing, magic shield, sturdy frame 1,
spell healing
a: Bend Time, Renounce Religion


You were on level 2 of the Dungeon.
You worshipped Cheibriados.
Cheibriados was noncommittal.
You were not hungry.

You visited 1 branch of the dungeon, and saw 3 of its levels.

You collected 115 gold pieces.

Inventory:

Hand Weapons
 a - a +0 staff (weapon)
Armour
 c - a +0 hat (worn)
 g - a +1 pair of gloves (worn)
 i - a cursed +0 buckler
 k - a +1 robe of fire resistance (worn)
Wands
 b - a wand of scattershot (4)
Scrolls
 d - 2 scrolls of remove curse
 e - a scroll of teleportation
 f - a scroll of fog
 h - a scroll of enchant weapon
 j - a scroll of immolation


   Skills:
 + Level 1.3 Fighting
 - Level 2.0 Dodging
 - Level 2.4 Stealth
 + Level 5.0 Spellcasting
 - Level 1.2 Conjurations
 + Level 1.3 Summonings
   Level 0.7 Translocations
 + Level 0.2 Invocations


You had 8 spell levels left.
You knew the following spells:

 Your Spells              Type           Power        Failure   Level  Hunger
a - Magic Dart            Conj           #...         9%          1    N/A
b - Call Imp              Summ           #.......     12%         2    N/A

Your spell library contained the following spells:

 Spells                   Type           Power        Failure   Level  Hunger
 Slow                     Hex            #.......     14%         1    N/A
 Blink                    Tloc           N/A          16%         2    N/A
 Conjure Flame            Conj/Fire      #.......     32%         3    N/A
 Mephitic Cloud           Conj/Pois/Air  #.......     36%         3    N/A

Dungeon Overview and Level Annotations

Branches:
Dungeon (3/12)

Altars:
Cheibriados
Xom


Innate Abilities, Weirdness & Mutations

You do not eat or drink.
You are immune to poison.
Your flesh is cold resistant. (rC+)
Your body sometimes deteriorates upon taking damage.
You are immune to negative energy. (rN+++)
You are immune to unholy pain and torment.
You can survive without breathing.
When hurt, damage is shared between your health and your magic reserves.
Your movements are slightly less encumbered by armour. (ER -2)
Casting spells heals you.


Message History

Unknown command.
Evoke which item? (* to show all) (? for menu, Esc to quit)
Aiming: Scattershot
Press: ? - help, Shift-Dir - straight line The burst of metal fragments hits something. x3
Something hits you but does no damage.
You closely miss something. Something completely misses you.
Unknown command.
Something hits you but does no damage.
Unknown command.
Unknown command.
Unknown command.
Unknown command.
Something hits you. Something shocks you.
Your body deteriorates!
You feel clumsy.
Unknown command.
You hit something but do no damage. Something hits you.
* * * LOW HITPOINT WARNING * * *
Something shocks you.
You die...

######...###.#.......
#......#.##....##....
#.##...#.......###.#!
#.##.#####.....%...#.
#......#...#.#.#####.
#......#.###≈#.#####.
#<.<.....# #.#.......
#.....######'########
##..@## ##...## ##.##
##.....## ##..#
##.....>.## #
##...####.........####
#.......'.........'...
##...####.........####
#######..# ##.......##
# #........# ##.....##
#.##.###.# ##...##


There were no monsters in sight!

Vanquished Creatures
  A dart slug (D:1)
  A leopard gecko (D:1)
  2 bats
  A quokka (D:2)
  A frilled lizard (D:2)
  2 goblins (D:1)
  A kobold (D:1)
  3 rats
12 creatures vanquished.

Vanquished Creatures (collateral kills)
  A shadow imp (D:2)
1 creature vanquished.

Grand Total: 13 creatures vanquished

Notes
Turn   | Place    | Note
-------+----------+-------------------------------------------
     0 | D:1      | Flugkiller the Skeleton Wizard began the quest for the Orb.
     0 | D:1      | Reached XP level 1. HP: 10/10 MP: 5/5
   727 | D:1      | Reached skill level 1 in Fighting
   804 | D:1      | Reached XP level 2. HP: 16/16 MP: 5/7
   991 | D:1      | Learned a level 2 spell: Call Imp
  1287 | D:2      | Found a snail-covered altar of Cheibriados.
  1323 | D:2      | Became a worshipper of Cheibriados the Contemplative
  1370 | D:2      | Found a shimmering altar of Xom.
  1956 | D:3      | Noticed a sky beast
  1970 | D:2      | Reached skill level 5 in Spellcasting
  1990 | D:2      | Slain by a sky beast

Skill      XL: |  1  2 |
---------------+-------+-----
Fighting       | 1 |  1.3
Spellcasting   | 5 |  5.0
Dodging        | |  2.0
Stealth        | |  2.4
Conjurations   | |  1.2
Summonings     | |  1.3
Translocations | |  0.7
Invocations    | |  0.2

Action                   || total
-------------------------++-------
Melee: Staff             ||    22
 Cast: Magic Dart        ||    25
       Call Imp          ||     1
Evoke: Wand              ||     1
  Use: Scroll            ||     5
Armor: Robe              ||    13
Dodge: Dodged            ||    21
